 Dungeon Sprint DCSS version 0.29-a0-925-g0a7a3d12f8 (webtiles) character file.

Game seed: 16015922100354260856

0 Hipnos the Cudgeller (level 1, -27/33 HPs)
             Began as a Troll Chaos Knight on July 28, 2022.
             Was a Plaything of Xom.
             Annihilated by a merfolk siren
             ... wielding a +0 spear
              (28 damage)
             ... in the Dungeon (Sprint II: "The Violet Keep of Menkaure").
             The game lasted 00:00:14 (9 turns).

Hipnos the Cudgeller (Troll Chaos Knight)              Turns: 9, Time: 00:00:14

Health: -27/33     AC:  6    Str: 19    XL:     1   Next: 0%
Magic:  0/0        EV:  9    Int:  8    God:    Xom [...*..]
Gold:   0          SH:  0    Dex:  9    Spells: 0/0 levels left

rFire   . . .      SeeInvis .   a - +0 mace (chaos)
rCold   . . .      Faith    .   (no shield)
rNeg    . . .      Spirit   .   b - +2 robe
rPois   .          Reflect  .   (helmet restricted)
rElec   .          Harm     .   (no cloak)
rCorr   .          Rampage  .   (gloves unavailable)
Will    .....      NoTele   +   (boots unavailable)
Stlth   ..........              (no amulet)
HPRegen 0.91/turn               (no ring)
MPRegen 0.07/turn               (no ring)

@: berserking (expiring), invisible, very quick
A: large, unfitting armour, claws 3, regeneration 1, shaggy fur 1, tough skin 1
a: Renounce Religion


You were in the Dungeon.
You worshipped Xom.
You were a favourite toy of Xom.
You visited 1 branch

Inventory:

Hand Weapons
 a - a +0 mace of chaos (weapon)
Armour
 b - a +2 robe (worn)
Scrolls
 i - a scroll of blinking
Potions
 d - a potion of curing
 e - a potion of heal wounds
 f - a potion of haste
 g - 2 potions of magic
Miscellaneous
 c - a piece from Xom's chessboard (15/15) (quivered)


   Skills:
 + Level 2.4 Fighting
 + Level 2.6 Maces & Flails
 + Level 1.9 Dodging


You couldn't memorise any spells.
You didn't know any spells.
Your spell library was empty.

Dungeon Overview and Level Annotations

Branches:
Dungeon (1/1)

Altars:


Innate Abilities, Weirdness & Mutations

You are too large for most types of armour.
You have claws for hands.
Your natural rate of healing is unusually fast.
You are covered in fur. (AC +1)
You have tough skin. (AC +1)


Message History

Welcome, Hipnos the Troll Chaos Knight.
Xom says: A new plaything!
Press ? for a list of commands and other information.
Found a staircase leading out of the dungeon.
You open the door.
A merfolk siren comes into view. It is wielding a +0 spear.
The merfolk siren shouts!
Okay, then.
The merfolk siren hits you with a +0 spear!
There is an open door, spattered with blood here.
You hit the merfolk siren but do no damage.
The merfolk siren resists with almost no effort.
The merfolk siren hits you with a +0 spear!
Xom is amused.
A red film seems to cover your vision as you go berserk!
You feel yourself moving faster!
You feel mighty! Xom smiles on you.
You fade into invisibility!
The merfolk siren barely misses you.
You catch the helpless merfolk siren completely off-guard!
You hit the merfolk siren but do no damage.
The merfolk siren seems to grow stronger.
Xom is amused.
You hit the merfolk siren but do no damage.
Xom smiles on you.
You feel better.
You are now a favourite toy of Xom.
The merfolk siren hits you with a +0 spear!
* * * LOW HITPOINT WARNING * * *
Xom is highly amused!
You closely miss the merfolk siren.
The merfolk siren hits you with a +0 spear.
* * * LOW HITPOINT WARNING * * *
Xom roars with laughter!
You closely miss the merfolk siren.
The merfolk siren hits you with a +0 spear!!
Ouch! That really hurt!
You die...
Xom howls with laughter!

##
##.###+#
#.m.##.##
#@'.<.+
#...##.##
##.###+#
##


You could see a merfolk siren (strong, unable to see you).

Vanquished Creatures (others)
  A water moccasin (D)
1 creature vanquished.

Notes
Turn   | Place    | Note
-------+----------+-------------------------------------------
     0 | D        | Hipnos the Troll Chaos Knight began the quest for the Orb.
     0 | D        | Reached XP level 1. HP: 22/22 MP: 0/0
     1 | D        | Noticed a merfolk siren
     4 | D        | XOM: potion effect (invisibility)
     7 | D        | XOM: potion effect (curing)
     7 | D        | Killed a water moccasin
     8 | D        | HP: 1/33 [merfolk siren/+0 spear (5)]
     9 | D        | Annihilated by a merfolk siren

Illustrated notes

Levels and vault maps discovered:
D:        the_violet_keep_of_menkaure [sprint2_stairs_cluster_1,
          sprint2_shoproom, sprint2_temple, sprint2_basic_supplies,
          sprint2_obstacle_5, sprint2_obstacle_1, sprint2_obstacle_3,
          sprint2_obstacle_2, sprint2_obstacle_7, sprint2_timed_cluster_1,
          sprint2_smallroom_cluster_1, sprint2_smallroom_final_cluster_1,
          sprint2_transparent_cluster_1, sprint2_second_timed_cluster_1,
          sprint2_sniper_area_1, sprint2_heavy_combat_area_1,
          sprint2_mutation_trap_area_1, sprint2_forest_area_1,
          sprint2_light_combat_area_1, sprint2_behind_water_1,
          sprint2_near_end_vault_1]

Action                   || total
-------------------------++-------
Melee: Mace              ||     5
  Use: Potion            ||     1
 Stab: Invisible         ||     1
Dodge: Dodged            ||     1

Table legend: (Time is in decaauts)
 A = Elapsed time spent in this place.
 B = Non-inter-level travel time spent in this place.
 C = Inter-level travel time spent in this place.
 D = Time resting spent in this place.
 E = Time spent auto-exploring this place.
 F = Levels seen in this place.
 G = Mean time per level.
                   A        B        C        D        E       F      G
               +--------+--------+--------+--------+--------+-----+--------+
         Total |      8 |      8 |      0 |      0 |      0 |   1 |    8.0 |
       Dungeon |      8 |      8 |      0 |      0 |      0 |   1 |    8.0 |
               +--------+--------+--------+--------+--------+-----+--------+

Top non-repeatable levels by time:
       D: 8 daAuts
